 Dungeon Crawl Stone Soup version 0.27-a0-637-g3a9f0a9c12 (webtiles) character file.

Game seed: 17331408509959785128

51 rednaxela the Poker (level 3, -11/34 HPs)
             Began as a Naga Monk on Mar 15, 2021.
             Mangled by an orc warrior
             ... wielding a +0 mace
              (18 damage)
             ... on level 3 of the Dungeon.
             The game lasted 00:07:40 (2180 turns).

rednaxela the Poker (Naga Monk)                     Turns: 2180, Time: 00:07:40

Health: -11/34     AC:  6    Str: 14    XL:     3   Next: 83%
Magic:  3/3        EV: 10    Int: 10    God:
Gold:   112        SH:  0    Dex: 13    Spells: 2/2 levels left

rFire    . . .     SeeInvis +   a - +0 spear
rCold    . . .     Faith    .   (no shield)
rNeg     . . .     Spirit   .   b - +0 robe
rPois    +         Reflect  .   (no helmet)
rElec    .         Harm     .   i - +2 cloak
rCorr    .         Rampage  .   g - +0 pair of gloves
Will     .....                  (no barding)
Stlth    ++........             (no amulet)
HPRegen  0.11/turn              (no ring)
MPRegen  0.08/turn              (no ring)

@: very slow
A: AC +1, large, see invisible, deformed body, poison resistance, slowness 2,
spit poison 1, naga tail 1
a: Spit Poison


You were on level 3 of the Dungeon.
You visited 1 branch of the dungeon, and saw 3 of its levels.

You collected 112 gold pieces.

Inventory:

Hand Weapons
 a - a +0 spear (weapon)
Armour
 b - a +0 robe (worn)
 g - a +0 pair of gloves (worn)
   (You found it on level 1 of the Dungeon)
 h - a +0 plate armour
   (You found it on level 2 of the Dungeon)
 i - a +2 cloak (worn)
   (You found it on level 2 of the Dungeon)
Jewellery
 e - a ring of magical power
   (You found it on level 1 of the Dungeon)
Scrolls
 c - a scroll of immolation {unknown}
 d - 3 scrolls of identify {unknown}
 k - a scroll of random uselessness {unknown}
Potions
 f - a potion of invisibility {unknown}
 j - a potion of mutation {unknown}
 l - a potion of brilliance {unknown}


   Skills:
 - Level 3.1 Fighting
 + Level 4.3 Polearms
 - Level 2.5 Dodging
 - Level 3.3 Stealth


You had 2 spell levels left.
You didn't know any spells.
Your spell library was empty.

Dungeon Overview and Level Annotations

Branches:
Dungeon (3/15)

Altars:
Trog
The Shining One

Annotations:
D:2 Sigmund


Innate Abilities, Weirdness & Mutations

Your serpentine skin is tough. (AC +1)
You have supernaturally acute eyesight. (SInv)
Armour fits poorly on your strangely shaped body.
Your system is resistant to poisons. (rPois)
You cover ground very slowly.
You can spit poison.
You have a snake-like lower body.


Message History

A bat is nearby!
You reach to attack!
You closely miss the bat. The bat closely misses you.
You hit the bat.
You kill the bat!
No target in view!
No target in view!
A bat comes into view.
Found a stone staircase leading up.
No target in range!
You reach to attack!
The helpless bat fails to defend itself.
You hit the bat.
The bat is moderately wounded.
The bat closely misses you. The bat hits you but does no damage.
You hit the bat.
You kill the bat!
You see here a bat corpse.
Found a stone staircase leading up.
There is a stone staircase leading up here.
There is a stone staircase leading up here.
A rat comes into view.
A rat is nearby!
A rat is nearby!
A rat comes into view.
A dart slug comes into view.
The dart slug moves out of view.
You hit the rat but do no damage. The rat barely misses you.
You barely miss the rat. The rat bites you but does no damage.
You hit the rat.
You kill the rat!
The dart slug launches a dart at you. The slug dart misses you.
No target in range!
No target in range!
You see here a rat corpse.
You hit the dart slug.
The dart slug is moderately wounded.
You hit the dart slug.
The dart slug is severely wounded.
The dart slug bites you.
You hit the dart slug.
The dart slug is almost dead.
The dart slug launches a dart at you. The slug dart hits you.
You hit the dart slug.
You kill the dart slug!
You hit the rat.
You kill the rat!
An orc comes into view. It is wielding a +0 hand axe.
Found 7 gold pieces.
You see here a dart slug corpse.
An orc is nearby!
You reach to attack!
The helpless orc fails to defend itself.
You hit the orc.
The orc is lightly wounded.
You hit the orc but do no damage.
The orc is lightly wounded.
The orc hits you with a +0 hand axe.
You hit the orc.
The orc is severely wounded.
The orc hits you but does no damage.
You closely miss the orc.
The orc is severely wounded.
You hit the orc but do no damage.
The orc is severely wounded.
The orc hits you but does no damage.
You hit the orc but do no damage.
The orc is severely wounded.
The orc hits you with a +0 hand axe.
You hit the orc.
You kill the orc!
Things that are here:
a +0 hand axe; a +0 scale mail; an orc corpse An orc and an orc warrior come into view.
There are monsters nearby!
An orc priest comes into view. It is wielding a +0 mace.
The orc warrior shouts!
The kobold shouts!
You hear an angry hiss.
An orc comes into view.
The orc shouts! x2
An orc comes into view. It is wielding a +0 whip.
The kobold hits you with a +0 dagger. x2; The orc moves out of view.
The orc priest shouts!
The kobold throws a stone.
The stone misses you.
You see here a dart slug corpse.
You see here a rat corpse.
The orc warrior hits you with a +0 mace!
* * * LOW HITPOINT WARNING * * *
The orc priest invokes the aid of Beogh against you.
Beogh smites you!
* * * LOW HITPOINT WARNING * * *
Found 11 gold pieces.
The orc warrior barely misses you. The orc warrior barely misses you.
The orc warrior hits you with a +0 mace.
* * * LOW HITPOINT WARNING * * *
There is a stone staircase leading up here.
The orc warrior hits you with a +0 mace!!
Ouch! That really hurt!
You die...

#######o###### ##.. ..#†#
... #.#o# $. #.
#.#.###.... . #.
#.o........ .. ##
####o#.####### ... #
#............. .... #
#.##K######### ..... #
#.##.#..@# ......#
#.#....###o### .......
.......oK...#.### ###.###
##.#######K.#...
..##.....# # ....###..#.#
#.#....... .......<...#
#.#.......
###.####.#.#####....._...
#.........#.......
##.†......#.......


You could see an orc warrior and a kobold.

Vanquished Creatures
  An adder (D:2)
  A worm (D:2)
  A dart slug (D:3)
  A leopard gecko (D:3)
  An orc (D:3)
  5 bats
  A giant cockroach (D:3)
  5 goblins
  4 hobgoblins
  4 kobolds
  A quokka (D:2)
  5 frilled lizards
  7 rats
37 creatures vanquished.

Notes
Turn   | Place    | Note
-------+----------+-------------------------------------------
     0 | D:1      | rednaxela the Naga Monk began the quest for the Orb.
     0 | D:1      | Reached XP level 1. HP: 21/21 MP: 1/1
   137 | D:1      | Reached XP level 2. HP: 14/28 MP: 2/2
   980 | D:2      | Reached XP level 3. HP: 19/34 MP: 3/3
  1427 | D:2      | Noticed Sigmund
  1495 | D:2      | Reached skill level 4 in Polearms
  1927 | D:3      | Found a bloodstained altar of Trog.
  2040 | D:3      | Found a glowing golden altar of the Shining One.
  2162 | D:3      | Noticed an orc warrior
  2180 | D:3      | Mangled by an orc warrior

Illustrated notes

Levels and vault maps discovered:
D:1:      lemuel_arrival_rhombus, layout_basic, hangedman_decor_clover_reticule,
          corner_web_ring, fountainhead
D:2:      kennysheep_big_flooded_room, layout_loops_corners, grunt_ministairs_2,
          uniq_sigmund
D:3:      layout_basic, overflow_temple_1_default, old_standard_altar

Skill      XL: |  1  2  3 |
---------------+----------+-----
Polearms       | 4 |  4.3
Fighting       | |  3.1
Dodging        | |  2.5
Stealth        | |  3.3

Action                   || total
-------------------------++-------
Melee: Spear             ||   105
 Abil: Spit Poison       ||    19
 Stab: Sleeping          ||     4
Armor: Robe              ||    33
Dodge: Dodged            ||    55

Table legend: (Time is in decaauts)
 A = Elapsed time spent in this place.
 B = Non-inter-level travel time spent in this place.
 C = Inter-level travel time spent in this place.
 D = Time resting spent in this place.
 E = Time spent auto-exploring this place.
 F = Levels seen in this place.
 G = Mean time per level.
                   A        B        C        D        E       F      G
               +--------+--------+--------+--------+--------+-----+--------+
         Total |   2820 |   2784 |     36 |    101 |   2217 |   3 |  940.0 |
       Dungeon |   2820 |   2784 |     36 |    101 |   2217 |   3 |  940.0 |
               +--------+--------+--------+--------+--------+-----+--------+

Top non-repeatable levels by time:
     D:2: 1354 daAuts
     D:1: 1119 daAuts
     D:3: 345 daAuts
